 Dungeon Crawl Stone Soup version 0.24.0-13-gcf9b319 (webtiles) character file.

Game seed: 12593295237281385934, levelgen mode: deterministic

10 Myxy the Vandal (level 2, -1/22 HPs)
             Began as a Formicid Hunter on Nov 7, 2019.
             Slain by a gnoll
             ... wielding a cursed -3 spear
              (4 damage)
             ... on level 2 of the Dungeon on Dec 6, 2019.
             The game lasted 00:05:20 (512 turns).

Myxy the Vandal (Formicid Hunter)                    Turns: 512, Time: 00:05:20

Health: -1/22      AC:  3    Str: 16    XL:     2   Next: 30%
Magic:  2/2        EV: 12    Int: 10    God:
Gold:   43         SH:  0    Dex: 11    Spells: 1/1 levels left

rFire    . . .     SeeInvis +   b - +0 short sword
rCold    . . .     Gourm    .   (no shield)
rNeg     . . .     Faith    .   c - +0 leather armour
rPois    .         Spirit   .   (helmet unavailable)
rElec    .         Reflect  .   (no cloak)
rCorr    .         Harm     .   (no gloves)
MR       .....                  (no boots)
Stlth    +.........             (no amulet)
HPRegen  0.07/turn              (no ring)
MPRegen  0.08/turn              (no ring)

@: no status effects
A: permanent stasis, dig shafts and tunnels, four strong arms, antennae 3
a: Dig, Shaft Self


You were on level 2 of the Dungeon.
You were not hungry.

You visited 1 branch of the dungeon, and saw 2 of its levels.

You collected 43 gold pieces.

Inventory:

Hand Weapons
 a - a +1 hunting sling
 b - a +0 short sword (weapon)
Missiles
 d - 16 sling bullets
Armour
 c - a +0 leather armour (worn)
Scrolls
 e - a scroll of identify {unknown}
 h - a scroll of magic mapping {unknown}
 i - a scroll of fog {unknown}
 j - a scroll of remove curse {unknown}
 l - a scroll of amnesia {unknown}
Potions
 k - a potion of haste {unknown}
 m - a potion of invisibility {unknown}
Comestibles
 f - 3 rations


   Skills:
 + Level 2.2 Fighting
 + Level 4.9 Slings
 + Level 0.2 Armour
 + Level 1.8 Dodging
 + Level 1.2 Stealth


You had one spell level left.
You didn't know any spells.
Your spell library was empty.

Dungeon Overview and Level Annotations

Branches:
Dungeon (2/15)

Altars:


Innate Abilities, Weirdness & Mutations

You cannot be hasted, slowed, berserked, paralysed or teleported.
You can dig through walls and to a lower floor.
Your four strong arms can wield two-handed weapons with a shield.
You have a pair of large antennae on your head. (SInv)


Message History

Aim: a gnoll, wielding a +0 flail (lightly wounded)
You throw a stone. The stone barely misses the gnoll.
The stone closely misses the gnoll.
The gnoll hits you from afar with a cursed -3 spear.
The gnoll closely misses you. The gnoll closely misses you. x2
A giant cockroach comes into view.
The gnoll hits you with a cursed +0 flail.
The gnoll hits you with a +2 whip of pain.
* * * LOW HITPOINT WARNING * * *
The gnoll hits you with a +2 whip of pain.
* * * LOW HITPOINT WARNING * * *
The gnoll closely misses you.
Throwing (i - inventory)
g - a stone (quivered)
Press: ? - help, Shift-Dir - straight line, f/p - gnoll
Aim: a gnoll, wielding a +0 flail (lightly wounded)
You throw a stone. The stone closely misses the gnoll.
The gnoll barely misses you.
The gnoll hits you from afar with a cursed -3 spear.
You die...

.......... ........#
........###. .##.#
........#... ##....##
..........# .(.s.).##
..........##### #.......
.......##.....### #.....# .
........# ##....####.{...#..
......#.## #.<.@g##........
.....##..####...gK.r(....$##
#..........##...#.g.........
#...)###..........##.....###
#...[#..........#######.##
#......#####....# .#
.....### ##...# # ###....#
#...# # ####.#### #..<#


You could see 3 gnolls, a kobold and a rat.

Vanquished Creatures
  2 leopard geckos
  A bat (D:1)
  A hobgoblin (D:2)
  A quokka (D:2)
  2 frilled lizards
  A kobold (D:1)
8 creatures vanquished.

Notes
Turn   | Place    | Note
-------+----------+-------------------------------------------
     0 | D:1      | Myxy the Formicid Hunter began the quest for the Orb.
     0 | D:1      | Reached XP level 1. HP: 16/16 MP: 1/1
   305 | D:1      | You fall into a shaft and drop 1 floor!
   330 | D:2      | Reached XP level 2. HP: 22/22 MP: 2/2
   431 | D:2      | Upgraded the game from 0.24.0-1-gfbc8707 to
                  | 0.24.0-13-gcf9b319
   512 | D:2      | Slain by a gnoll

Levels and vault maps discovered:
D:1:      dpeg_arrival_signposts, layout_loops_corners
D:2:      layout_rooms

Action                   || total
-------------------------++-------
Melee: Short sword       ||    13
 Fire: Hunting sling     ||    14
Throw: Stone             ||     5
 Abil: Dig               ||     3
       Shaft Self        ||     1
Armor: Leather armour    ||     7
Dodge: Dodged            ||    17
